 Dungeon Crawl Stone Soup version 0.14-a0-1192-g192f278 (webtiles) character file.

124 PolkaDot the Grave Robber (level 3, 0/36 HPs)
             Began as a Vampire Necromancer on Nov 30, 2013.
             Succumbed to an adder's poison
             ... on Level 2 of the Dungeon.
             The game lasted 00:05:42 (1243 turns).

PolkaDot the Grave Robber (Vampire Necromancer)     Turns: 1243, Time: 00:05:42

HP   0/36        AC 21     Str  7      XL: 3   Next: 85%
MP   3/6         EV  1     Int 18      God:
Gold 62          SH  1     Dex 14      Spells:  2 memorised,  2 levels left

rFire  . . .     SeeInvis +     c - +1,+0 elf dagger
rCold  . . .     Clarity  .     a - melded +0 robe
rNeg   + + +     Conserve .     n - +0 dwarf buckler
rPois  +         rCorr    .     (no helmet)
rElec  .         rRot     .     (cloak currently unavailable)
SustAb . .       Spirit   .     g - melded +0 pair of gloves {Str+3}
rMut   .         Warding  .     (boots currently unavailable)
Saprov . . .     NoTele   +     (no amulet)
                                (no ring)
                                (no ring)

@: tree-form, mildly poisoned, slightly resistant to hostile enchantments, quite
stealthy
A: (fangs 0), see invisible, (unbreathing)
a: Bat Form


You were on level 2 of the Dungeon.
You were not thirsty.
You were an animated tree.
You visited 1 branch of the dungeon, and saw 2 of its levels.

You collected 62 gold pieces.

Inventory:

Hand weapons
 c - a +1,+0 elven dagger (weapon)
Armour
 a - a +0 robe (melded)
 g - a +0 pair of gloves of strength (melded)
 n - a +0 dwarven buckler (worn)
Scrolls
 d - a scroll of recharging {unknown}
 f - a scroll of enchant armour {unknown}
 h - a scroll of random uselessness {unknown}
 j - a scroll of blinking {unknown}
 l - a scroll of curse weapon {unknown}
Jewellery
 i - an uncursed ring of protection from magic {unknown}
Potions
 m - a potion of curing {unknown}
Books
 b - a book of Necromancy

   Spells                             Type                      Level
   *Pain                              Necromancy                   1
   *Animate Skeleton                  Necromancy                   1
   Lethal Infusion                    Charms/Necromancy            2
   Vampiric Draining                  Necromancy                   3
   Regeneration                       Charms/Necromancy            3
   Animate Dead                       Necromancy                   4
   Control Undead                     Necromancy                   4


   Skills:
 - Level 2.1 Dodging
 - Level 3.0 Stealth
 + Level 0.1 Shields
 - Level 1.0 Spellcasting
 * Level 6.0 Necromancy


You had 2 spell levels left.
You knew the following spells:

 Your Spells              Type           Power        Failure   Level  Hunger
a - Pain                  Necr           ###.         1%          1    N/A
s - Animate Skeleton      Necr           N/A          1%          1    N/A

Dungeon Overview and Level Annotations

Branches:
Dungeon (2/16)

Altars:


Innate Abilities, Weirdness & Mutations

((You have razor-sharp teeth.))*
You have supernaturally acute eyesight.
((You can survive without breathing.))*


Message History

Your bat skeleton hits the quokka but does no damage.
The quokka bites you.
* * * LOW HITPOINT WARNING * * *
Drink which item? (? for menu, Esc to quit)
You feel refreshed.
It was a potion of restore abilities.
Your bat skeleton hits the quokka but does no damage.
Your bat skeleton misses the quokka.
The quokka bites you but does no damage.
Your bat skeleton hits the quokka but does no damage.
Your bat skeleton barely misses the quokka.
The quokka twitches its whiskers.
Your bat skeleton hits the quokka but does no damage.
Your bat skeleton barely misses the quokka.
Drink which item? (? for menu, Esc to quit)
You turn into an animated tree.
Your +0 pair of gloves of strength melds into your body.
You feel weaker.
Your +0 robe melds into your body.
Your roots penetrate the ground.
It was a potion of lignification.
You die...

. ..# . #... ... #..# ... # ...#
..... #.#..###... #.##.#......
#$.....##>#### . #%zr♣...# #...#
#.##!##.# #...# ######.##.#
#...# #####.......#..# #...#
#.....####..##.# #####...#####
#.........................(...
#.<......#..##................
#.#......#.#..##.#.............)
#...%...#.......# #####...#####


You could see a quokka and a friendly bat skeleton.

Vanquished Creatures
  A gnoll (D:1)
  2 adders
  3 bats
  4 goblins
  2 hobgoblins (D:1)
  5 jackals
  4 kobolds (D:1)
  2 ball pythons
  A giant cockroach (D:1)
  A giant gecko (D:2)
  A giant newt (D:1)
  A rat (D:1)
27 creatures vanquished.

Vanquished Creatures (collateral kills)
  An adder (D:1)
1 creature vanquished.

Vanquished Creatures (others)
  A goblin skeleton (D:1)
  A hobgoblin skeleton (D:1)
  A kobold skeleton (D:1)
3 creatures vanquished.

Grand Total: 31 creatures vanquished

Notes
Turn   | Place    | Note
--------------------------------------------------------------
     0 | D:1      | PolkaDot, the Vampire Necromancer, began the quest for the Orb.
     0 | D:1      | Reached XP level 1. HP: 13/13 MP: 4/4
    61 | D:1      | Learned a level 1 spell: Animate Skeleton
   121 | D:1      | Reached skill level 5 in Necromancy
   121 | D:1      | Reached XP level 2. HP: 10/19 MP: 0/5
   405 | D:1      | Reached XP level 3. HP: 20/24 MP: 3/6
  1087 | D:2      | Noticed a giant goldfish
  1090 | D:2      | Noticed a giant goldfish
  1236 | D:2      | Reached skill level 6 in Necromancy
  1239 | D:2      | HP: 1/24 [quokka (4)]
  1243 | D:2      | Succumbed to an adder's poison

Action                   || total
-------------------------++-------
Melee: Unarmed           ||     5
       Dagger            ||    53
 Cast: Pain              ||    39
       Animate Skeleton  ||     4
  Use: Potion            ||     3
